 Dungeon Crawl Stone Soup version 0.24.0-123-gd5b16e6ec5 (webtiles) character file.

Game seed: 12135237020312930613, levelgen mode: deterministic

107 Peloso the Covered (level 4, -2/40 HPs)
             Began as a Minotaur Fighter on Feb 10, 2020.
             Slain by a scorpion (4 damage)
             ... on level 3 of the Dungeon.
             The game lasted 00:03:25 (1782 turns).

Peloso the Covered (Minotaur Fighter)               Turns: 1782, Time: 00:03:26

Health: -2/40      AC:  9    Str: 20 (21) XL:     4   Next: 57%
Magic:  2/2        EV:  6    Int:  2 (5)  God:
Gold:   117        SH:  9    Dex:  9 (10) Spells: 3/3 levels left

rFire    . . .     SeeInvis .   a - +0 long sword
rCold    . . .     Gourm    .   c - +0 shield
rNeg     . . .     Faith    .   p - +0 chain mail
rPois    +         Spirit   .   (helmet restricted)
rElec    .         Reflect  .   (no cloak)
rCorr    .         Harm     .   (no gloves)
MR       .....                  (no boots)
Stlth    ..........             (no amulet)
HPRegen  0.13/turn              (no ring)
MPRegen  0.08/turn              (no ring)

@: no status effects
A: retaliatory headbutt, horns 2, low mp 1, poison resistance
a: no special abilities


You were on level 3 of the Dungeon.
You were hungry.

You visited 1 branch of the dungeon, and saw 3 of its levels.

You collected 117 gold pieces.

Inventory:

Hand Weapons
 a - a +0 long sword (weapon)
 b - a +1 dagger of flaming
Armour
 c - a +0 shield (worn)
 h - a +0 scale mail
 p - a +0 chain mail (worn)
Scrolls
 e - a scroll of amnesia {unknown}
 g - 6 scrolls of identify {unknown}
 i - a scroll of magic mapping {unknown}
 j - a scroll of immolation {unknown}
 m - a scroll of fear {unknown}
Potions
 d - a potion of might
 k - a potion of agility
 l - a potion of flight
 n - a potion of curing
Comestibles
 f - 7 rations


   Skills:
 + Level 4.2 Fighting
 + Level 3.4 Long Blades
 + Level 4.6 Armour
 + Level 1.1 Dodging
 + Level 4.4 Shields


You had 3 spell levels left.
You didn't know any spells.
Your spell library was empty.

Dungeon Overview and Level Annotations

Branches:
Dungeon (3/15)

Altars:


Innate Abilities, Weirdness & Mutations

You reflexively headbutt those who attack you in melee.
You have a pair of horns on your head.
Your magical capacity is low. (-10% MP)
Your system is resistant to poisons. (rPois)


Message History

The orc hits you but does no damage.
The scorpion stings you but does no damage.
Unknown command.
You hit the orc. Your headbutt misses the orc.
The orc is heavily wounded.
The orc barely misses you. The scorpion stings you.
* * * LOW HITPOINT WARNING * * *
Unknown command.
You closely miss the scorpion.
The scorpion is heavily wounded.
You block the orc's attack.
The scorpion stings you but does no damage.
Unknown command.
You slash the scorpion!
The scorpion is severely wounded.
The orc hits you with a +0 flail.
* * * LOW HITPOINT WARNING * * *
You block the scorpion's attack. You block the orc's attack.
The scorpion stings you.
You die...

###....###
##.....#..... ##
##............ ...
#.............
....#.........>...
#..........)......
...#.(<..........
#........[)......
...##.....@o......
. #.......s......
#.##.....#.....
... ####.## ####
... #.. ... ##.#
.# .#


You could see a scorpion and an orc.

Vanquished Creatures
  An orc priest (D:3)
  An adder (D:2)
  A worm (D:2)
  A dart slug (D:2)
  2 leopard geckos
  3 orcs (D:3)
  5 bats
  3 giant cockroaches (D:2)
  4 goblins
  8 hobgoblins
  8 jackals (D:1)
  4 frilled lizards
  6 kobolds
  6 rats
53 creatures vanquished.

Notes
Turn   | Place    | Note
-------+----------+-------------------------------------------
     0 | D:1      | Peloso the Minotaur Fighter began the quest for the Orb.
     0 | D:1      | Reached XP level 1. HP: 19/19 MP: 0/0
   177 | D:1      | Reached XP level 2. HP: 25/27 MP: 1/1
   614 | D:1      | Reached XP level 3. HP: 33/33 MP: 2/2
   802 | D:2      | Gained mutation: Your magical capacity is low. (-10% MP)
                  | [potion of mutation]
   802 | D:2      | Gained mutation: Your system is resistant to poisons.
                  | (rPois) [potion of mutation]
  1004 | D:2      | Reached skill level 1 in Dodging
  1309 | D:2      | Found a faded altar of an unknown god.
  1588 | D:2      | Reached XP level 4. HP: 40/40 MP: 2/2
  1782 | D:3      | HP: 2/40 [orc/+0 flail (3)]
  1782 | D:3      | Slain by a scorpion

Levels and vault maps discovered:
D:1:      sevenhm_arrival_forest_fort_small_5, layout_loops_corners
D:2:      layout_basic, chequers_ecumenical_altar_simple, first_ration
D:3:      layout_rooms, overflow_temple_1_default, minmay_box_of_dots

Skill      XL: |  1  2  3 |
---------------+----------+-----
Armour         | 4 |  4.6
Shields        | 4 |  4.4
Fighting       | 4 |  4.2
Dodging        | 1 |  1.1
Long Blades    | 3 |  3.4

Action                   |  1- 3 |  4- 6 || total
-------------------------+-------+-------++-------
Melee: Long sword        |   101 |    26 ||   127
       Headbutt          |    12 |       ||    12
  Use: Potion            |     3 |     4 ||     7
  Eat: Chunk             |     2 |       ||     2
Armor: Scale mail        |    43 |       ||    43
       Chain mail        |    19 |    19 ||    38
Dodge: Dodged            |    26 |    13 ||    39
Block: Shield            |    53 |    23 ||    76
       Rpst.: Long sword |    10 |     4 ||    14
